 Dungeon Crawl Stone Soup version 0.31.0-12-g77e489cdc1 (webtiles) character file.

Game seed: 14298840845381074899

94 FinalFate the Grave Robber (level 4, -4/24 HPs)
             Began as a Deep Elf Necromancer on Feb 29, 2024.
             Slain by a wraith (9 damage)
             ... created by the anger of Yredelemnul
             ... on level 3 of the Dungeon.
             The game lasted 00:09:01 (2622 turns).

FinalFate the Grave Robber (Deep Elf Necromancer)   Turns: 2622, Time: 00:09:01

Health: -4/24      AC:  3    Str:  5    XL:     4   Next: 38%
Magic:  12/12      EV: 13    Int: 22    God:
Gold:   126        SH:  0    Dex: 15    Spells: 7/11 levels left

rFire   . . .        l - +0 dagger
rCold   . . .        (no shield)
rNeg    . . .        a - +0 robe
rPois   .            (no helmet)
rElec   .            (no cloak)
rCorr   +            (no gloves)
SInv    .            j - +0 pair of boots
Will    .....        (no amulet)
Stlth   ++           f - ring of resist corrosion
HPRegen 0.24/turn    (no ring)
MPRegen 0.13/turn

%: no passive effects
@: slowed, very slow
A: no striking features
a: no special abilities


You were on level 3 of the Dungeon.
You visited 1 branch of the dungeon, and saw 3 of its levels.

You collected 126 gold pieces.

Inventory:

Hand Weapons
 l - a +0 dagger (weapon)
Missiles
 g - a throwing net
Armour
 a - a +0 robe (worn)
 j - a +0 pair of boots (worn)
 k - a +0 buckler
Jewellery
 f - a ring of resist corrosion (left hand)
Wands
 t - a wand of charming (7)
Scrolls
 d - a scroll of enchant weapon {unknown}
 e - a scroll of amnesia {unknown}
 h - 3 scrolls of fog {unknown}
 i - a scroll of teleportation {unknown}
 m - 2 scrolls of identify {unknown}
 n - a scroll of enchant armour {unknown}
 p - a scroll of vulnerability {unknown}
 q - a scroll of blinking {unknown}
 s - 2 scrolls of immolation {unknown}
Potions
 b - a potion of magic
 c - 2 potions of curing {unknown}
 o - a potion of might {unknown}
 r - a potion of heal wounds {unknown}
 u - a potion of attraction {unknown}


   Skills:
 + Level 0.7 Fighting
 + Level 2.7 Dodging
 + Level 2.8 Stealth
 * Level 4.4 Spellcasting
 * Level 5.9 Necromancy


You had 7 spell levels left.
You knew the following spells:

 Your Spells              Type           Power      Damage    Failure   Level
a - Necrotise             Necr           100%       1d9       1%          1
b - Vampiric Draining     Necr           31%        2d8       2%          3

Your spell library contained the following spells:

 Spells                   Type           Power      Damage    Failure   Level
 Animate Dead             Necr           31%        N/A       10%         4
 Curse of Agony           Necr           31%        N/A       26%         5
 Inner Flame              Hex/Fire       4%         N/A       32%         3
 Swiftness                Air            4%         N/A       32%         3
 Flame Wave               Conj/Fire      4%         2d5       71%         4
 Sticky Flame             Fire/Alch      4%         2d4       71%         4
 Arcjolt                  Conj/Air       2%         1d12      96%         5
 Silence                  Hex/Air        2%         N/A       96%         5
 Sculpt Simulacrum        Ice/Alch       2%         N/A       100%        6


Dungeon Overview and Level Annotations

Branches:
Dungeon (3/15)

Altars:
Yredelemnul


Message History

A wraith comes into view.
You can't see any susceptible monsters within range! (Use Z to cast anyway.)
Your frilled lizard skeleton bites the wraith but does no damage.
The wraith hits your frilled lizard skeleton!
The wraith drains your frilled lizard skeleton's vigour!
Your frilled lizard skeleton seems to slow down.
Your frilled lizard skeleton bites the wraith but does no damage.
The wraith hits your frilled lizard skeleton!
Your frilled lizard skeleton is destroyed!
You can't see any susceptible monsters within range! (Use Z to cast anyway.) Unknown command.
You can't see any susceptible monsters within range! (Use Z to cast anyway.)
You can't see any susceptible monsters within range! (Use Z to cast anyway.)
Casting: Necrotise (safe; 1% risk of failure)
Confirm with . or Enter, or press ? or * to list all spells.
Aiming: Vampiric Draining (dangerous; 2% risk of failure)
Press: ? - help, Shift-Dir - straight line Out of range.
Okay, then.
The wraith hits you. The wraith drains your vigour!
You feel yourself slow down.
Casting: Vampiric Draining (dangerous; 2% risk of failure)
Confirm with . or Enter, or press ? or * to list all spells.
Okay, then.
You can't see any susceptible monsters within range! (Use Z to cast anyway.)
You can't see any susceptible monsters within range! (Use Z to cast anyway.)
Casting: Vampiric Draining (dangerous; 2% risk of failure)
Confirm with . or Enter, or press ? or * to list all spells.
Okay, then.
This spell is astonishingly dangerous to cast!
The wraith hits you.
Your memorisation is interrupted.
You barely miss the wraith. The wraith hits you. The wraith drains your vigour!
You feel as though you will be slow longer.
The wraith hits you!
Ouch! That really hurt!
* * * LOW HITPOINT WARNING * * *
The wraith drains your vigour!
You feel as though you will be slow longer.
You closely miss the wraith. The wraith hits you!
You die...

### #.#.# ##.#####
#.#.# ##.#.##.## #.#.#
#.###....#######.#.###
.## #....<.......!....
## ##...#######...#
)## ##..#........W#
#.###.#.........@.#
##.#.####.#######.#
##.## #.# #.# #.# #.#
#.# #.# #.#######.#
#.# #.##......# #.#
#.##.####.# #.# #.##.#
#.# #.#####.##.####.#


You could see a wraith.

Vanquished Creatures
  4 adders
  2 dart slugs (D:1)
  A ribbon worm (D:2)
  3 orcs (D:3)
  4 endoplasms
  3 giant cockroaches
  3 goblins
  2 jackals (D:2)
  7 kobolds
  A quokka (D:1)
  7 ball pythons
  5 bats
  3 frilled lizards
  4 rats
49 creatures vanquished.

Vanquished Creatures (collateral kills)
  An orc (D:3)
  A jackal (D:2)
2 creatures vanquished.

Grand Total: 51 creatures vanquished

Notes
Turn   | Place    | Note
-------+----------+-------------------------------------------
     0 | D:1      | FinalFate the Deep Elf Necromancer began the quest for the
                  | Orb.
     0 | D:1      | Reached XP level 1. HP: 10/10 MP: 6/6
   127 | D:1      | Reached skill level 5 in Necromancy
   221 | D:1      | Reached XP level 2. HP: 15/15 MP: 6/8
   770 | D:2      | Reached XP level 3. HP: 19/19 MP: 6/10
  1322 | D:2      | Found a basalt altar of Yredelemnul.
  1348 | D:2      | Became a worshipper of Yredelemnul the Dark
  1800 | D:2      | Reached XP level 4. HP: 24/24 MP: 8/12
  2150 | D:3      | Got the Vellum of Galvanic Decomposition
  2155 | D:3      | Learned a level 3 spell: Vampiric Draining
  2308 | D:3      | Reached * piety under Yredelemnul
  2373 | D:3      | Fell from the grace of Yredelemnul
  2615 | D:3      | Noticed a wraith
  2622 | D:3      | Slain by a wraith

Illustrated notes

Levels and vault maps discovered:
D:1:      psy_arrival_whirlpool, layout_basic
D:2:      layout_basic, basic_altar
D:3:      layout_loops_ring

Skill      XL: |  1  2  3 |
---------------+----------+-----
Necromancy     | 5 |  5.9
Spellcasting   | 4 |  4.4
Fighting       | |  0.7
Dodging        | |  2.7
Stealth        | |  2.8

Action                     |  1- 3 |  4- 6 || total
---------------------------+-------+-------++-------
  Melee: Unarmed           |     3 |       ||     3
         Dagger            |       |     2 ||     2
   Cast: Necrotise         |    67 |    22 ||    89
 Invoke: Recall Undead Har |     1 |     1 ||     2
         Renounce Religion |       |     1 ||     1
 Armour: Robe              |    12 |    13 ||    25
  Dodge: Dodged            |    27 |     3 ||    30
